 Seeded DCSS version 0.29-a0-384-g6960b1960d (webtiles) character file.

Game seed: 2674968660393034896 (custom seed)

562 zeratav the Spear-Bearer (level 7, -3/52 HPs)
             Began as a Merfolk Fighter on May 6, 2022.
             Slain by a scorpion (4 damage)
             ... on level 5 of the Dungeon.
             The game lasted 00:05:41 (3982 turns).

zeratav the Spear-Bearer (Merfolk Fighter)          Turns: 3982, Time: 00:05:41

Health: -3/52      AC:  6    Str: 16    XL:     7   Next: 31%
Magic:  7/7        EV:  8    Int: 15    God:
Gold:   267        SH:  5    Dex: 14    Spells: 6/6 levels left

rFire   . . .      SeeInvis +   a - +0 trident {polearm}
rCold   . . .      Faith    .   c - +0 buckler
rNeg    . . .      Spirit   .   b - +0 scale mail
rPois   .          Reflect  .   (no helmet)
rElec   .          Harm     .   (no cloak)
rCorr   .          Rampage  .   (no gloves)
Will    .....                   (no boots)
Stlth   ..........              A - amulet of the acrobat
HPRegen 0.17/turn               m - ring of see invisible
MPRegen 0.10/turn               q - +6 ring of intelligence

@: no status effects
A: (nimble swimmer 2), mertail
a: no special abilities


You were on level 5 of the Dungeon.
You visited 1 branch of the dungeon, and saw 5 of its levels.

You collected 267 gold pieces.


Innate Abilities, Weirdness & Mutations

((You are very nimble when in or above water. (Stealth+, EV+, Speed+++)))
Your lower body shifts to a powerful aquatic tail in water.


   Skills:
 - Level 3.2 Fighting
 * Level 9.2 Polearms
 - Level 2.1 Armour
 - Level 3.0 Shields
 + Level 3.3 Summonings


You had 6 spell levels left.
You didn't know any spells.
Your spell library contained the following spells:

 Spells                   Type           Power      Damage    Failure   Level
 Summon Small Mammal      Summ           36%        N/A       34%         1
 Scorch                   Fire           0%         2d5       89%         2
 Sublimation of Blood     Necr           0%         N/A       89%         2
 Wereblood                Tmut           0%         N/A       89%         2
 Dazzling Flash           Conj/Hex       0%         N/A       98%         3
 Flame Wave               Conj/Fire      0%         2d4       100%        4
 Iskenderun's Mystic Bla  Conj/Tloc      0%         2d3       100%        4
 Starburst                Conj/Fire      0%         6d3       100%        6
 Summon Cactus Giant      Summ           4%         N/A       100%        6
 Summon Hydra             Summ           4%         N/A       100%        7

Inventory:

Hand Weapons
 a - a +0 trident (weapon) {polearm}
 D - a +2 dagger of draining {short}
   (You took it off an orc wizard on level 4 of the Dungeon)
Armour
 b - a +0 scale mail (worn)
 c - a +0 buckler (worn)
 e - a +0 robe
   (You took it off an orc wizard on level 4 of the Dungeon)
 r - a +0 ring mail
   (You took it off an orc on level 5 of the Dungeon)
 t - a +0 robe
   (You took it off an orc wizard on level 5 of the Dungeon)
Jewellery
 m - a ring of see invisible (left hand)
   (You found it on level 2 of the Dungeon)
 q - a +6 ring of intelligence (right hand)
   (You found it on level 5 of the Dungeon)
 A - an amulet of the acrobat (around neck)
   (You found it on level 4 of the Dungeon)
Scrolls
 f - 3 scrolls of vulnerability {unknown}
 g - 10 scrolls of identify {unknown}
 h - 2 scrolls of fog {unknown}
 i - 3 scrolls of blinking {unknown}
 l - a scroll of amnesia {unknown}
 p - a scroll of immolation {unknown}
 u - 2 scrolls of poison {unknown}
 v - a scroll of magic mapping {unknown}
 w - a scroll of noise {unknown}
 y - 2 scrolls of teleportation {unknown}
Potions
 d - 2 potions of might
 j - 2 potions of mutation {unknown}
 k - a potion of flight {unknown}
 n - a potion of lignification {unknown}
 o - 2 potions of curing {unknown}
 s - 2 potions of degeneration {unknown}
 B - a potion of heal wounds {unknown}

Dungeon Overview and Level Annotations

Branches:
Dungeon (5/15)
 Temple: D:4-7

Altars:
Kikubaaqudgha
Sif Muna
Uskayaw
Vehumet
Yredelemnul

... ...
.. ## ..
.. .##.#
...
#####s##
#..)@..#
#.######
#.#....#
#.#.##.#
#.#.##.#
#.#.##.#
#.#..#.#
#.##.#.#
#....#.#


You could see a scorpion.


Message History

Aim: an iguana (severely wounded, about 34% to evade your +0 trident)
You barely miss the iguana. The iguana barely misses you.
Reach: a) +0 trident {polearm}
Press: ? - help, Dir - move target, f/p - iguana
Aim: an iguana (severely wounded, about 34% to evade your +0 trident)
You closely miss the iguana. You block the iguana's attack.
Reach: a) +0 trident {polearm}
Press: ? - help, Dir - move target, f/p - iguana
Aim: an iguana (severely wounded, about 34% to evade your +0 trident)
You barely miss the iguana. The iguana bites you.
* * * LOW HITPOINT WARNING * * *
HP[-5]
You take 5 damage, and now have 25/52 hp.
Reach: a) +0 trident {polearm}
Press: ? - help, Dir - move target, f/p - iguana
Aim: an iguana (severely wounded, about 34% to evade your +0 trident)
You hit the iguana but do no damage. The iguana barely misses you.
Reach: a) +0 trident {polearm}
Press: ? - help, Dir - move target, f/p - iguana
Aim: an iguana (severely wounded, about 34% to evade your +0 trident)
You barely miss the iguana. The iguana completely misses you.
Reach: a) +0 trident {polearm}
Press: ? - help, Dir - move target, f/p - iguana
Aim: an iguana (severely wounded, about 34% to evade your +0 trident)
You closely miss the iguana. The iguana bites you!
* * * LOW HITPOINT WARNING * * *
HP[-7]
You take 7 damage, and now have 18/52 hp.
Reach: a) +0 trident {polearm}
Press: ? - help, Dir - move target, f/p - iguana
Aim: an iguana (severely wounded, about 34% to evade your +0 trident)
You closely miss the iguana. The iguana bites you.
* * * LOW HITPOINT WARNING * * *
HP[-1]
You take 1 damage, and now have 17/52 hp.
Reach: a) +0 trident {polearm}
Press: ? - help, Dir - move target, f/p - iguana
Aim: an iguana (severely wounded, about 34% to evade your +0 trident)
You puncture the iguana!
You kill the iguana!
Reach: a) +0 trident {polearm}
Press: ? - help, Dir - move target, f - necrophage
Aim: a necrophage (about 37% to evade your +0 trident)
You reach to attack!
You hit the necrophage.
Reach: a) +0 trident {polearm}
Press: ? - help, Dir - move target, f/p - necrophage
Aim: a necrophage (moderately damaged, about 37% to evade your +0 trident)
You puncture the necrophage! The necrophage completely misses you.
HP[+1] Reach: a) +0 trident {polearm}
Press: ? - help, Dir - move target, f/p - necrophage
Aim: a necrophage (heavily damaged, about 37% to evade your +0 trident)
You hit the necrophage. You block the necrophage's attack.
Reach: a) +0 trident {polearm}
Press: ? - help, Dir - move target, f/p - necrophage
Aim: a necrophage (heavily damaged, about 37% to evade your +0 trident)
You hit the necrophage. You block the necrophage's attack.
You hit the necrophage. The necrophage hits you.
* * * LOW HITPOINT WARNING * * *
You feel drained.
* * * LOW HITPOINT WARNING * * *
HP[-3]
You now have 51 max hp (-1).
You take 3 damage, and now have 15/51 hp.
You closely miss the necrophage. The necrophage hits you.
* * * LOW HITPOINT WARNING * * *
HP[-5]
You take 5 damage, and now have 10/51 hp.
You puncture the necrophage!
You destroy the necrophage!
Your life force feels restored.
Your Polearms skill increases to level 9!
You now have 52 max hp (+1).
t - a +0 robe
Things that are here:
a +0 short sword {short}; a +0 dagger {short}; an orc corpse HP[+1]
You start resting.
An orc comes into view. It is wielding a +0 falchion.
An orc is nearby!
You are too injured to fight recklessly!
You are too injured to fight recklessly!
The orc shouts!
You block the orc's attack.
You barely miss the orc.
A scorpion comes into view.
The orc barely misses you.
HP[+1]
You puncture the orc!
You kill the orc!
You hit the scorpion but do no damage. The scorpion stings you.
* * * LOW HITPOINT WARNING * * *
HP[-6]
You take 6 damage, and now have 6/52 hp.
You barely miss the scorpion. The scorpion stings you.
* * * LOW HITPOINT WARNING * * *
HP[-5]
You take 5 damage, and now have 1/52 hp.
You hit the scorpion but do no damage. The scorpion stings you.
You die...

Skill      XL: |  1  2  3  4  5  6  7 |
---------------+----------------------+-----
Polearms       | 3 4 5 6 7 8 9 |  9.2
Summonings     | 2 3 |  3.3
Fighting       | |  3.2
Armour         | |  2.1
Shields        | |  3.0

Action                   |  1- 3 |  4- 6 |  7- 9 || total
-------------------------+-------+-------+-------++-------
Melee: Trident           |    89 |   169 |    38 ||   296
Armor: Scale mail        |    37 |    59 |       ||    96
Dodge: Dodged            |    30 |    49 |     9 ||    88
Block: Buckler           |    17 |    25 |     7 ||    49

Levels and vault maps discovered:
D:1:      matt_arrival_grand_opening, layout_rooms,
          ebering_ecumenical_altar_abandoned, serial_corexii_hall,
          chequers_hall_statues_y, corexii_hall_statues_deadend,
          corexii_hall_statues_i, chequers_hall_statues_y
D:2:      layout_rooms, basic_altar, nrook_mini_backslash, uniq_terence
D:3:      layout_loops_ring, kennysheep_potato
D:4:      layout_layer_cave, palyth_temple_overflow_mages,
          nicolae_uskayaw_dance_hall
D:5:      layout_basic, chequers_serial_rivers_micro_b, uniq_grinder

Notes
Turn   | Place    | Note
-------+----------+-------------------------------------------
     0 | D:1      | zeratav the Merfolk Fighter began the quest for the Orb.
     0 | D:1      | Reached XP level 1. HP: 18/18 MP: 1/1
     0 | D:1      | magus.rc [v1.9.6]
    57 | D:1      | Reached skill level 3 in Polearms
    65 | D:1      | You pick up a book of Scorching and begin reading...
    65 | D:1      | You add the spells Scorch, Flame Wave and Summon Cactus
                  | Giant to your library.
    85 | D:1      | Reached XP level 2. HP: 20/24 MP: 2/2
   135 | D:1      | Found a faded altar of an unknown god.
   192 | D:1      | Reached skill level 4 in Polearms
   572 | D:1      | Reached XP level 3. HP: 28/29 MP: 3/3
   965 | D:2      | Reached skill level 5 in Polearms
   970 | D:2      | You pick up a book of Blood and begin reading...
   970 | D:2      | You add the spells Sublimation of Blood, Wereblood and
                  | Summon Hydra to your library.
  1070 | D:2      | Found a basalt altar of Yredelemnul.
  1294 | D:2      | Noticed Terence
  1308 | D:2      | Killed Terence
  1309 | D:2      | Reached XP level 4. HP: 15/35 MP: 4/4
  1512 | D:2      | You pick up a book of Spectacle and begin reading...
  1512 | D:2      | You add the spells Dazzling Flash, Iskenderun's Mystic
                  | Blast and Starburst to your library.
  1525 | D:2      | Reached skill level 6 in Polearms
  2348 | D:3      | Reached XP level 5. HP: 41/41 MP: 5/5
  2466 | D:3      | Reached skill level 1 in Summonings
  2592 | D:4      | Reached skill level 7 in Polearms
  2703 | D:4      | Found a hide-covered altar of Uskayaw.
  3027 | D:4      | Found a shimmering blue altar of Sif Muna.
  3041 | D:4      | HP: 9/39 [orc wizard/+0 dagger (2)]
  3044 | D:4      | HP: 3/37 [orc wizard/+0 dagger (4)]
  3045 | D:4      | Reached skill level 2 in Summonings
  3045 | D:4      | Reached XP level 6. HP: 4/45 MP: 6/6
  3045 | D:4      | HP: 1/45 [orc wizard/+0 dagger (3)]
  3354 | D:4      | Got Sif Muna's Catalogue of the Entourage
  3461 | D:4      | Found an ancient bone altar of Kikubaaqudgha.
  3489 | D:4      | Found a radiant altar of Vehumet.
  3495 | D:4      | Reached skill level 8 in Polearms
  3677 | D:5      | Entered Level 5 of the Dungeon
  3874 | D:5      | Noticed a black bear
  3881 | D:5      | Killed a black bear
  3882 | D:5      | Reached XP level 7. HP: 45/52 MP: 7/7
  3948 | D:5      | Reached skill level 3 in Summonings
  3970 | D:5      | HP: 10/51 [necrophage (5)]
  3972 | D:5      | Reached skill level 9 in Polearms
  3980 | D:5      | HP: 6/52 [scorpion (6)]
  3981 | D:5      | HP: 1/52 [scorpion (5)]
  3982 | D:5      | Slain by a scorpion

Vanquished Creatures
  A black bear (D:5)
  A necrophage (D:5)
  3 iguanas
  Terence (D:2)
  6 orc wizards
  7 adders
  An ufetubus (D:5)
  2 worms (D:3)
  3 dart slugs
  4 orcs
  2 bats (D:3)
  7 endoplasms
  4 giant cockroaches
  4 goblins
  6 hobgoblins
  10 jackals
  4 quokkas
  3 ball pythons
  3 frilled lizards
  4 kobolds
  A rat (D:1)
77 creatures vanquished.

Table legend:
 A = Non-vault XP
 B = Vault XP
 C = Vault XP percentage of total XP
 D = Non-vault monster count
 E = Vault monster count
 F = Vault count percentage of total count
                 A         B        C        D         E       F
            +---------+---------+-------+---------+---------+-------
      Total |     584 |     219 |  27.3 |      68 |       9 |  11.7
            +---------+---------+-------+---------+---------+-------
        D:1 |      40 |       0 |   0.0 |      22 |       0 |   0.0
        D:2 |      40 |      36 |  47.4 |      15 |       1 |   6.2
        D:3 |      79 |       6 |   7.1 |      14 |       3 |  17.6
        D:4 |      75 |     177 |  70.2 |       8 |       5 |  38.5
        D:5 |     350 |       0 |   0.0 |       9 |       0 |   0.0
            +---------+---------+-------+---------+---------+-------

Illustrated notes

Table legend:
 A = Kills in this place as a percentage of kills in entire the game.
 B = Kills by you in this place as a percentage of kills by you in the entire game.
 C = Kills by friends in this place as a percentage of kills by friends in the entire game.
 D = Other kills in this place as a percentage of other kills in the entire game.
 E = Experience gained in this place as a percentage of experience gained in the entire game.
 F = Experience gained in this place divided by the number of levels of this place that you have seen.
                   A       B       C       D       E      F
               +-------+-------+-------+-------+-------+----------------------
         Total | 100.0 | 100.0 |   N/A |   N/A | 100.0 | 160.6
       Dungeon | 100.0 | 100.0 |   N/A |   N/A | 100.0 | 160.6
               +-------+-------+-------+-------+-------+----------------------

Table legend: (Time is in decaauts)
 A = Elapsed time spent in this place.
 B = Non-inter-level travel time spent in this place.
 C = Inter-level travel time spent in this place.
 D = Time resting spent in this place.
 E = Time spent auto-exploring this place.
 F = Levels seen in this place.
 G = Mean time per level.
                   A        B        C        D        E       F      G
               +--------+--------+--------+--------+--------+-----+--------+
         Total |   3986 |   3887 |     99 |    591 |   2746 |   5 |  797.2 |
       Dungeon |   3986 |   3887 |     99 |    591 |   2746 |   5 |  797.2 |
               +--------+--------+--------+--------+--------+-----+--------+

Top non-repeatable levels by time:
     D:4: 1125 daAuts
     D:1: 928 daAuts
     D:3: 851 daAuts
     D:2: 780 daAuts
     D:5: 300 daAuts
